 Dungeon Crawl Stone Soup version 0.30-a0-218-gedb9141078 (webtiles) character file.

Game seed: 4764124470411663216

426 billz999 the Ruffian (level 6, -9/59 HPs)
             Began as a Troll Monk on Oct 5, 2022.
             Was a Priest of Makhleb.
             Killed from afar by Dowan (22 damage)
             ... with a shard of ice
             ... on level 4 of the Dungeon.
             The game lasted 00:04:53 (1906 turns).

billz999 the Ruffian (Troll Monk)                   Turns: 1906, Time: 00:04:53

Health: -9/59      AC:  4    Str: 22    XL:     6   Next: 64%
Magic:  7/7        EV: 10    Int:  6    God:    Makhleb [***...]
Gold:   220        SH:  0    Dex: 12    Spells: 5/5 levels left

rFire   + . .      SeeInvis .      - Unarmed
rCold   . . .      Faith    .    (no shield)
rNeg    + . .      Spirit   .    a - +0 robe
rPois   .          Reflect  .    (helmet restricted)
rElec   .          Harm     .    (no cloak)
rCorr   .          Rampage  .    (gloves unavailable)
Will    .....                    (boots unavailable)
Stlth   +.........               (no amulet)
HPRegen 1.09/turn                i - ring of positive energy
MPRegen 0.10/turn                q - ring of protection from fire

@: confused, lethally poisoned (-9 -> -10), ambrosia-drunk
A: large, unfitting armour, claws 3, regeneration 1, shaggy fur 1, tough skin 1
a: Renounce Religion, Minor Destruction, Lesser Servant of Makhleb


You were on level 4 of the Dungeon.
You worshipped Makhleb.
Makhleb was most pleased with you.
You visited 1 branch of the dungeon, and saw 4 of its levels.

You collected 220 gold pieces.

Inventory:

Missiles
 p - 6 stones (quivered)
Armour
 a - a +0 robe (worn)
Jewellery
 i - a ring of positive energy (left claw)
 q - a ring of protection from fire (right claw)
Scrolls
 c - 2 scrolls of identify {unknown}
 d - 3 scrolls of vulnerability {unknown}
 e - 2 scrolls of enchant armour {unknown}
 g - a scroll of brand weapon {unknown}
 j - a scroll of fog {unknown}
 l - 2 scrolls of blinking {unknown}
 o - a scroll of fear {unknown}
Potions
 f - a potion of mutation {unknown}
 h - 2 potions of flight {unknown}
 k - a potion of curing {unknown}
 m - 2 potions of attraction {unknown}
 n - 2 potions of heal wounds {unknown}


   Skills:
 - Level 2.4 Fighting
 - Level 2.4 Dodging
 - Level 1.0 Stealth
 + Level 6.0 Unarmed Combat
 + Level 3.9 Invocations


You had 5 spell levels left.
You didn't know any spells.
Your spell library contained the following spells:

 Spells                   Type           Power      Damage    Failure   Level
 Freeze                   Ice            0%         1d3       45%         1
 Dazzling Flash           Conj/Hex       0%         N/A       83%         3
 Frozen Ramparts          Ice            0%         1d1       83%         3
 Hailstorm                Conj/Ice       0%         3d3       83%         3
 Iskenderun's Mystic Bla  Conj/Tloc      0%         2d3       99%         4
 Starburst                Conj/Fire      0%         6d3       100%        6


Dungeon Overview and Level Annotations

Branches:
Dungeon (4/15)
 Temple: D:4-7

Altars:
Makhleb
Nemelex Xobeh
Zin

Annotations:
D:4 Dowan


Innate Abilities, Weirdness & Mutations

You are too large for most types of armour.
You have claws for hands.
Your natural rate of healing is unusually fast.
You are covered in fur. (AC +1)
You have tough skin. (AC +1)


Message History

Duvessa dies!
Makhleb accepts your kill.
You hear a distant wail of despair.
The adder bites you.
You are more poisoned.
The adder poisons you!
Your Unarmed Combat skill increases to level 6!
You see here 14 gold pieces.
Unknown command.
A demon appears!
You feel sick. The adder closely misses you.
The jackal bites your hellwing but does no damage.
An adder comes into view.
Found 12 gold pieces.
You feel sick.
Your hellwing hits the jackal.
The jackal dies!
Makhleb accepts your kill.
Dowan, Brother of Duvessa comes into view.
He is wielding a +1 dagger of protection.
You feel sick.
Dowan seems to find hidden reserves of power!
Dowan mumbles some strange words.
Dowan blinks!
The adder bites you but does no damage.
Your neqoxec hits the adder!
The adder dies!
Makhleb accepts your kill.
Okay, then.
You feel sick. The jackal bites you.
* * * LOW HITPOINT WARNING * * *
You are confused.
You feel invigorated.
You feel sick. Dowan gestures at you while chanting.
The stone arrow misses your neqoxec. The stone arrow hits you!
* * * LOW HITPOINT WARNING * * *
The jackal completely misses you.
Your neqoxec barely misses the phantom.
You miss the jackal.
You feel sick.
Dowan casts a spell.
Dowan blinks!
The jackal bites you but does no damage.
The phantom hits you.
* * * LOW HITPOINT WARNING * * *
Dowan points at you and mumbles some strange words.
The shard of ice hits you!!
You die...

....>...#.......
........#......#
...............#
.............#
#.....)....# #..†.## #
#### #.$..4# ##.$. #..
##.#h#W#§....# # #.#
###..#@#..#...#
.#####.####...##.W3.§..#
............#####.S....#
##..........# ..#...##
.................#e......
.###...<............#....
####.....#................
..........................
........<...........# ..


You could see a phantom, Dowan (fast), an adder, a jackal (ally target) and a
friendly neqoxec (summoned).

Vanquished Creatures
  An ogre (D:3)
  A bullfrog (D:4)
  An iguana (D:4)
  An orc wizard (D:3)
  An adder (D:3)
  3 gnolls (D:3)
  A worm (D:3)
  3 orcs (D:3)
  A ball python (D:3)
  4 endoplasms
  3 giant cockroaches
  10 goblins
  9 hobgoblins
  3 jackals (D:1)
  5 kobolds
  4 quokkas
  7 bats
  4 frilled lizards
  4 rats
66 creatures vanquished.

Vanquished Creatures (collateral kills)
  Duvessa (D:4)
  An adder (D:4)
  A jackal (D:4)
3 creatures vanquished.

Grand Total: 69 creatures vanquished

Notes
Turn   | Place    | Note
-------+----------+-------------------------------------------
     0 | D:1      | billz999 the Troll Monk began the quest for the Orb.
     0 | D:1      | Reached XP level 1. HP: 22/22 MP: 0/0
   166 | D:1      | Reached XP level 2. HP: 29/29 MP: 1/1
   273 | D:1      | Found a faded altar of an unknown god.
   284 | D:1      | Noticed a floating eye
   285 | D:1      | Noticed a shining eye
   285 | D:1      | Noticed a great orb of eyes
   285 | D:1      | Noticed a floating eye
   292 | D:1      | Prayed at the altar of an unknown god.
   292 | D:1      | Became a worshipper of Makhleb the Destroyer
   292 | D:1      | Reached * piety under Makhleb
   292 | D:1      | Reached ** piety under Makhleb
   661 | D:2      | Found a sparkling altar of Nemelex Xobeh.
   673 | D:2      | Reached skill level 4 in Unarmed Combat
   699 | D:2      | Reached *** piety under Makhleb
   751 | D:2      | Reached XP level 3. HP: 33/36 MP: 2/2
  1013 | D:2      | Reached skill level 1 in Invocations
  1209 | D:3      | Reached XP level 4. HP: 40/44 MP: 2/4
  1243 | D:3      | Found a glowing silver altar of Zin.
  1315 | D:3      | Identified the +9 glaive "Rugaff" {venom, rElec rC+ Str+3
                  | SInv}
  1612 | D:3      | Noticed an ogre
  1626 | D:3      | Killed an ogre
  1627 | D:3      | Reached skill level 5 in Unarmed Combat
  1627 | D:3      | Reached XP level 5. HP: 19/50 MP: 4/6
  1832 | D:4      | Reached XP level 6. HP: 53/59 MP: 7/7
  1886 | D:4      | Noticed Duvessa
  1900 | D:4      | Killed Duvessa
  1901 | D:4      | Reached skill level 6 in Unarmed Combat
  1902 | D:4      | Noticed Dowan
  1906 | D:4      | Killed from afar by Dowan

Illustrated notes

Levels and vault maps discovered:
D:1:      ebering_hopf_link, layout_loops_cross,
          hellmonk_ecumenical_altar_watching_god, minivault_23,
          minmay_misc_feat_secret_circle
D:2:      layout_basic, basic_altar
D:3:      layout_rooms, zin_academy
D:4:      layout_rooms, uniq_duvessa

Skill      XL: |  1  2  3  4  5  6 |
---------------+-------------------+-----
Unarmed Combat | 4 5 6 |  6.0
Invocations    | 1 2 3 |  3.9
Fighting       | |  2.4
Dodging        | |  2.4
Stealth        | |  1.0

Action                   |  1- 3 |  4- 6 || total
-------------------------+-------+-------++-------
Melee: Unarmed           |    76 |    74 ||   150
       Punch             |     2 |       ||     2
Invok: Lesser Servant of |       |     3 ||     3
  Use: Potion            |       |     1 ||     1
 Stab: Sleeping          |     1 |     2 ||     3
Armor: Robe              |    22 |    13 ||    35
Dodge: Dodged            |    29 |    26 ||    55

Table legend: (Time is in decaauts)
 A = Elapsed time spent in this place.
 B = Non-inter-level travel time spent in this place.
 C = Inter-level travel time spent in this place.
 D = Time resting spent in this place.
 E = Time spent auto-exploring this place.
 F = Levels seen in this place.
 G = Mean time per level.
                   A        B        C        D        E       F      G
               +--------+--------+--------+--------+--------+-----+--------+
         Total |   1893 |   1827 |     66 |     32 |   1327 |   4 |  473.2 |
       Dungeon |   1893 |   1827 |     66 |     32 |   1327 |   4 |  473.2 |
               +--------+--------+--------+--------+--------+-----+--------+

Top non-repeatable levels by time:
     D:1: 608 daAuts
     D:3: 583 daAuts
     D:2: 579 daAuts
     D:4: 123 daAuts
